 Dungeon Crawl Stone Soup version 0.29-a0-330-g52719c12eb (webtiles) character file.

Game seed: 10868973191785372415

2622 kae the Firebug (level 9, -2/57 (59) HPs)
             Began as an Octopode Fire Elementalist on Apr 16, 2022.
             Was an Initiate of Ashenzari.
             Slain by a sky beast (6 damage)
             ... on level 5 of the Dungeon.
             The game lasted 00:05:34 (9092 turns).

kae the Firebug (Octopode Fire Elementalist)        Turns: 9092, Time: 00:05:35

HP:   -2/57 (59)    AC:  1    Str:  7    XL:     9   Next: 60%
MP:   0/16          EV: 15    Int: 21    God:    Ashenzari [......]
Gold: 295           SH:  0    Dex: 13    Spells: 11/17 levels left

rFire   + . .      SeeInvis .   c - staff of fire
rCold   . . .      Faith    .   (no shield)
rNeg    . . .      Spirit   +   (helmet restricted)
rPois   .          Reflect  .   p - amulet of guardian spirit
rElec   .          Harm     .   f - ring of wizardry
rCorr   .          Rampage  .   (no ring)
Will    .....                   (no ring)
Stlth   ++++......              (no ring)
HPRegen 0.19/turn               (no ring)
MPRegen 0.15/turn               (no ring)
                                (no ring)
                                (no ring)

@: on berserk cooldown, slowed, lightly drained, very slow
A: almost no armour, amphibious, 8 rings, camouflage 1, gelatinous body 1,
(nimble swimmer 1), tentacles
a: Renounce Religion


You were on level 5 of the Dungeon.
You worshipped Ashenzari.
Ashenzari was noncommittal.
You visited 1 branch of the dungeon, and saw 6 of its levels.

You collected 295 gold pieces.

Inventory:

Magical Staves
 c - a staff of fire (weapon)
 k - a staff of poison
Jewellery
 b - an amulet of faith
 f - a ring of wizardry (left tentacle)
 p - an amulet of guardian spirit (around mantle)
Wands
 m - a wand of charming (7)
 s - a wand of iceblast (5)
 v - a wand of flame (16)
Scrolls
 h - a scroll of noise
 n - 2 scrolls of fear
Potions
 a - a potion of magic
 e - 6 potions of curing
 g - 2 potions of mutation
 i - 3 potions of flight
 j - a potion of lignification
 l - 2 potions of heal wounds
 t - a potion of invisibility
 w - 2 potions of cancellation {unknown}


   Skills:
 + Level 4.6 Fighting
 + Level 5.1 Dodging
 + Level 7.3 Stealth
 + Level 4.8 Spellcasting
 + Level 4.6 Conjurations
 * Level 7.5 Fire Magic


You had 11 spell levels left.
You knew the following spells:

 Your Spells              Type           Power      Damage    Failure   Level
a - Foxfire               Conj/Fire      100%       2x1d9     1%          1
b - Scorch                Fire           100%       2d10      1%          2
c - Conjure Flame         Conj/Fire      46%        6-21      1%          3

Your spell library contained the following spells:

 Spells                   Type           Power      Damage    Failure   Level
 Inner Flame              Hex/Fire       31%        N/A       2%          3
 Flame Wave               Conj/Fire      46%        2d10      3%          4
 Pain                     Necr           20%        1d5       4%          1
 Agony                    Necr           5%         N/A       73%         5
 Excruciating Wounds      Necr           2%         N/A       73%         5


Dungeon Overview and Level Annotations

Branches:
Dungeon (6/15)             Temple (0/1) D:5

Altars:
Ashenzari
Elyvilon
Gozag
Hepliaklqana
Kikubaaqudgha
Nemelex Xobeh
Okawaru
Trog
Uskayaw
Wu Jian
Xom

Shops:
D:6 *

Annotations:
D:4 3 runed translucent doors, benappo's ghost, amateur HOFi


Innate Abilities, Weirdness & Mutations

You cannot wear most types of armour.
You are amphibious.
You can wear up to eight rings at the same time.
Your skin changes colour to match your surroundings (Stealth+).
Your rubbery body absorbs attacks. (AC +1, EV +1)
((You are camouflaged when in or above water. (Stealth+)))
You have tentacles for arms and can constrict up to eight enemies at once.


Message History

* * * LOW HITPOINT WARNING * * *
Something shocks you.
* * * LOW HITPOINT WARNING * * *
Something closely misses you.
You barely miss something. Your squeeze misses something.
Something hits you but does no damage. Something hits you.
* * * LOW HITPOINT WARNING * * *
Something shocks you.
* * * LOW HITPOINT WARNING * * *
You closely miss something. Your squeeze misses something. Something hits you.
* * * LOW HITPOINT WARNING * * *
Something shocks you.
* * * LOW HITPOINT WARNING * * *
A sky beast appears from thin air!
Reactivating autopickup.
The sky beast closely misses you.
You feel much better. The sky beast barely misses you.
Casting: Scorch (safe; 1% risk of failure)
Confirm with . or Enter, or press ? or * to list all spells.
You don't have enough magic to cast this spell.
Okay, then.
You hit the sky beast.
The sky beast is heavily wounded.
The sky beast hits you. The sky beast shocks you.
* * * LOW HITPOINT WARNING * * *
The sky beast misses you.
You hit the sky beast. You squeeze the sky beast.
The sky beast is severely wounded.
The sky beast closely misses you.
The sky beast hits you but does no damage.
You barely miss the sky beast.
The sky beast is severely wounded.
The sky beast flickers out of sight!
Deactivating autopickup; reactivate with Ctrl-A.
Something hits you. Something shocks you.
* * * LOW HITPOINT WARNING * * *
Something hits you.
* * * LOW HITPOINT WARNING * * *
Something shocks you.
You die...

.#.# ####...###### .#.######
##.## .#.##...# #.# ....#...###
#.######## ##........#
##........####### #........#
#...............# ##.......#
#[#######.#####.# #.#...### #.#
#.# #.# #.#...# #@# #.# #.#
##.##.#########{### #.# #.#
#............>†...# ###.# #.#
#.###.######......###...# #.##
#.# #.......#......#..#.# #...
#.###...####.......§≈§..########
#..##...PP.....>..≈§§≈≈.....#
#........P.#.####§§§§§≈≈###.#
#...P#.P.#.#.# ##§§≈>§§≈# #.#


There were no monsters in sight!

Vanquished Creatures
  Sigmund (D:5)
  Eustachio (D:6)
  Edmund (D:5)
  A water moccasin (D:5)
  4 ice beasts
  A sky beast (D:5)
  A black bear (D:4)
  An orc warrior (D:5)
  2 ogres (D:5)
  2 phantoms
  Blork the orc (D:5)
  A bullfrog (D:5)
  A gnoll sergeant (D:6)
  3 scorpions
  A necrophage (D:5)
  A howler monkey (D:6)
  4 hounds
  3 jellies
  5 iguanas
  3 orc wizards
  6 gnolls
  8 adders
  A white imp (D:6)
  An ufetubus (D:6)
  4 worms
  3 dart slugs
  14 orcs
  8 ball pythons
  5 endoplasms
  4 giant cockroaches
  13 goblins
  5 hobgoblins (D:1)
  4 jackals (D:2)
  9 quokkas
  3 bats
  3 frilled lizards
  4 kobolds
  5 rats
138 creatures vanquished.

Vanquished Creatures (others)
  A centaur (D:6)
  A gnoll sergeant (D:6)
  A gnoll shaman (D:6)
  An adder (D:6)
  2 orcs (D:6)
  524 foxfires
  2 fungi (D:4)
  3 plants
535 creatures vanquished.

Grand Total: 673 creatures vanquished

Notes
Turn   | Place    | Note
-------+----------+-------------------------------------------
     0 | D:1      | kae the Octopode Fire Elementalist began the quest for the
                  | Orb.
     0 | D:1      | Reached XP level 1. HP: 11/11 MP: 3/3
   332 | D:1      | Reached XP level 2. HP: 17/17 MP: 3/5
   335 | D:1      | Learned a level 2 spell: Scorch
   915 | D:1      | Reached XP level 3. HP: 22/22 MP: 3/6
  1482 | D:2      | Found a faded altar of an unknown god.
  1963 | D:2      | Reached XP level 4. HP: 25/27 MP: 3/7
  2012 | D:2      | Reached skill level 1 in Fighting
  2325 | D:2      | Learned a level 3 spell: Conjure Flame
  2892 | D:2      | Found a hide-covered altar of Uskayaw.
  3256 | D:2      | Reached XP level 5. HP: 31/33 MP: 8/8
  3732 | D:3      | Noticed a phantom
  3740 | D:3      | Killed a phantom
  3894 | D:3      | Reached XP level 6. HP: 39/39 MP: 6/10
  5391 | D:4      | Found an ornate altar of the Wu Jian Council.
  5484 | D:4      | Reached XP level 7. HP: 43/45 MP: 5/11
  5633 | D:4      | Reached skill level 5 in Fire Magic
  5704 | D:4      | Found a runed translucent gate.
  5704 | D:4      | Noticed benappo's ghost (amateur HOFi)
  5705 | D:4      | Found a runed translucent gate.
  5705 | D:4      | Found a runed translucent gate.
  5854 | D:5      | Entered Level 5 of the Dungeon
  6043 | D:5      | Reached skill level 5 in Stealth
  6230 | D:5      | Found a staircase to the Ecumenical Temple.
  6244 | D:5      | Reached XP level 8. HP: 50/51 MP: 5/13
  6246 | D:5      | Noticed Blork the orc
  6258 | D:5      | Killed Blork the orc
  6596 | D:5      | Found a hazy altar of Hepliaklqana.
  7009 | D:5      | Noticed Edmund
  7024 | D:5      | Killed Edmund
  7186 | D:5      | Noticed Sigmund
  7204 | D:5      | Killed Sigmund
  7489 | D:6      | Reached XP level 9. HP: 49/58 MP: 9/15
  7941 | D:6      | Found an opulent altar of Gozag.
  7945 | D:6      | Found a broken altar of Ashenzari.
  7945 | D:6      | Found a white marble altar of Elyvilon.
  7946 | D:6      | Found an ancient bone altar of Kikubaaqudgha.
  7946 | D:6      | Found a bloodstained altar of Trog.
  7984 | D:6      | Became a worshipper of Ashenzari the Shackled
  8179 | D:6      | Found a sparkling altar of Nemelex Xobeh.
  8248 | D:6      | Reached skill level 5 in Dodging
  8248 | D:6      | Noticed Eustachio
  8272 | D:6      | Killed Eustachio
  8382 | D:6      | Found a shimmering altar of Xom.
  8406 | D:6      | Found an iron altar of Okawaru.
  8493 | D:6      | Found Taul's General Store.
  9088 | D:5      | HP: 1/57 [something (4)]
  9092 | D:5      | Slain by a sky beast

Illustrated notes

Levels and vault maps discovered:
D:1:      lightli_arrival_windingriver, layout_basic, st_stairs_11
D:2:      minmay_general_purpose_star, layout_loops_cross,
          ebering_ecumenical_altar_rust, basic_altar, serial_aquarium,
          aquarium_bridge_straight [aquarium_subvault_bridge,
          aquarium_subvault_balcony, aquarium_subvault_bridge,
          aquarium_subvault_balcony], aquarium_window_corner,
          aquarium_window_fake, aquarium_view_2c, aquarium_view_2d,
          aquarium_pool_2
D:3:      layout_rooms, grunt_decor_arrowhead
D:4:      nicolae_BIG_FREAKIN_CUBE, layout_loops_ring,
          nzn_wu_jian_contemplation, gammafunk_ghost_nasty_kobolds
D:5:      layout_loops_ring, nicolae_hepliaklqana_hazy_memory,
          minmay_temple_entry_mist, sigmund_edmund_badplayer, uniq_blork_the_orc
D:6:      layout_rooms, grunt_temple_overflow_open, old_standard_altar,
          xom_confusion_cloud, nicolae_overflow_crystal_walls, serial_shops,
          shop_fountains, nicolae_fountain_basement, uniq_eustachio, uniq_edmund

Skill      XL: |  1  2  3  4  5  6  7  8  9 |
---------------+----------------------------+-----
Stealth        | 3 4 5 6 7 |  7.3
Fighting       | 1 2 3 4 |  4.6
Fire Magic     | 4 5 6 7 |  7.5
Dodging        | 3 4 5 |  5.1
Conjurations   | 2 3 4 |  4.6
Spellcasting   | 3 4 |  4.8

Action                   |  1- 3 |  4- 6 |  7- 9 || total
-------------------------+-------+-------+-------++-------
Melee: Unarmed           |    14 |    18 |       ||    32
       Constrict         |     6 |     7 |     4 ||    17
       Tentacles         |     3 |     5 |     8 ||    16
       Staff             |       |    11 |    22 ||    33
 Cast: Foxfire           |    67 |   118 |   130 ||   315
       Scorch            |       |     8 |    37 ||    45
       Conjure Flame     |       |     1 |     2 ||     3
Evoke: Wand              |       |       |     3 ||     3
  Use: Potion            |       |     1 |     3 ||     4
       Scroll            |       |     8 |     7 ||    15
 Stab: Sleeping          |     1 |     1 |       ||     2
Armor: Skin              |       |     3 |     5 ||     8
Dodge: Dodged            |    12 |    24 |    58 ||    94

Table legend: (Time is in decaauts)
 A = Elapsed time spent in this place.
 B = Non-inter-level travel time spent in this place.
 C = Inter-level travel time spent in this place.
 D = Time resting spent in this place.
 E = Time spent auto-exploring this place.
 F = Levels seen in this place.
 G = Mean time per level.
                   A        B        C        D        E       F      G
               +--------+--------+--------+--------+--------+-----+--------+
         Total |   9101 |   8964 |    137 |    916 |   6765 |   6 | 1516.8 |
       Dungeon |   9101 |   8964 |    137 |    916 |   6765 |   6 | 1516.8 |
               +--------+--------+--------+--------+--------+-----+--------+

Top non-repeatable levels by time:
     D:5: 2125 daAuts
     D:2: 1915 daAuts
     D:1: 1691 daAuts
     D:4: 1368 daAuts
     D:6: 1119 daAuts
     D:3: 880 daAuts
